 Dungeon Crawl Stone Soup version 0.17-a0-2127-g1cb09f6 (webtiles) character file.

125 4thArraOfDagon the Chopper (level 4, 0/40 HPs)
             Began as a Minotaur Gladiator on Oct 22, 2015.
             Slain by a black bear (4 damage)
             ... on level 6 of the Dungeon.
             The game lasted 00:02:31 (571 turns).

4thArraOfDagon the Chopper (Minotaur Gladiator)      Turns: 571, Time: 00:02:31

Health: 0/40       AC:  6    Str: 19    XL:     4   Next: 82%
Magic:  3/3        EV: 11    Int:  6    God:
Gold:   69         SH:  0    Dex: 11    Spells: 0 memorised, 3 levels left

rFire  . . .     SeeInvis .     a - +0 war axe
rCold  . . .     Clarity  .     p - +0 scale mail
rNeg   . . .     SustAt   .     (no shield)
rPois  .         Gourm    .     c - +0 hat
rElec  .         Spirit   .     (no cloak)
rCorr  .         Warding  .     (no gloves)
rMut   .         Stasis   .     (no boots)
MR     .....                    (no amulet)
Stlth  ..........               (no ring)
                                (no ring)

@: not resistant to hostile enchantments, extremely unstealthy
A: retaliatory headbutt, horns 2
a: no special abilities


You were on level 6 of the Dungeon.
You were not hungry.

You visited 1 branch of the dungeon, and saw 6 of its levels.

You collected 69 gold pieces.

Inventory:

Hand Weapons
 a - a +0 war axe (weapon)
Armour
 c - a +0 hat (worn)
 p - a +0 scale mail (worn)
Jewellery
 j - an uncursed amulet of resist mutation
Wands
 g - a wand of lightning (11)
Scrolls
 b - a scroll of recharging
 h - a scroll of remove curse {unknown}
 i - a scroll of fog {unknown}
 l - 2 scrolls of teleportation
 m - a scroll of blinking {unknown}
 o - a scroll of identify {unknown}
 r - a scroll of enchant armour {unknown}
 t - a scroll of amnesia {unknown}
Potions
 f - a potion of brilliance {unknown}
 k - a potion of might {unknown}
 q - a potion of haste {unknown}
 u - a potion of curing {unknown}
 v - a potion of heal wounds {unknown}
Comestibles
 e - 3 bread rations
 n - a slice of pizza
 s - 2 fruits


   Skills:
 + Level 3.7 Fighting
 * Level 5.5 Axes
 - Level 2.0 Throwing
 + Level 2.3 Armour
 - Level 3.2 Dodging


You had 3 spell levels left.
You didn't know any spells.

Dungeon Overview and Level Annotations

Branches:
Dungeon (6/15)
 Temple: D:4-7

Altars:


Innate Abilities, Weirdness & Mutations

You reflexively headbutt those who attack you in melee.
You have a pair of horns on your head.


Message History

The black bear is moderately wounded.
The black bear struggles to escape the net.
The black bear struggles against the net.
You completely miss the black bear.
The black bear is moderately wounded.
The black bear struggles against the net.
You hit the black bear but do no damage.
You headbutt the black bear.
The black bear is moderately wounded.
The black bear struggles against the net.
You hit the black bear.
The black bear is heavily wounded.
The black bear struggles against the net.
The net rips apart, and the black bear comes free!
Your scale mail prevents you from hitting the black bear.
The black bear is heavily wounded.
The black bear bites you!
* * * LOW HITPOINT WARNING * * *
The black bear closely misses you. The black bear claws you.
You die...

###+###
§≈§.§§§
§#..§#≈
###≈.....≈
#.@h..<...
#)#§.....≈
#.#§#...#≈
#.#§≈≈.≈≈≈
#.####+###
####.#
##....#
##...###
#.....#


You could see a black bear.

Vanquished Creatures
  A hound (D:6)
  An iguana (D:6)
  Robin (D:4)
  An adder (D:4)
  An adder zombie (D:5)
  6 orcs
  A ball python (D:2)
  2 bats
  11 goblins
  4 hobgoblins
  4 jackals (D:5)
  A kobold (D:3)
  2 giant cockroaches
  A jackal skeleton (D:6)
  A quokka skeleton (D:4)
  A rat (D:2)
39 creatures vanquished.

Notes
Turn   | Place    | Note
--------------------------------------------------------------
     0 | D:1      | 4thArraOfDagon the Minotaur Gladiator began the quest for the Orb.
     0 | D:1      | Reached XP level 1. HP: 18/18 MP: 0/0
   140 | D:2      | Reached skill level 4 in Axes
   140 | D:2      | Reached XP level 2. HP: 23/25 MP: 1/1
   236 | D:3      | You fall through a shaft!
   319 | D:4      | Noticed Robin
   327 | D:4      | Reached XP level 3. HP: 11/31 MP: 2/2
   328 | D:4      | Killed Robin
   328 | D:4      | Reached skill level 1 in Armour
   366 | D:5      | Entered Level 5 of the Dungeon
   497 | D:5      | Reached skill level 5 in Axes
   547 | D:6      | Noticed a black bear
   554 | D:6      | Reached XP level 4. HP: 24/38 MP: 3/3
   571 | D:6      | Slain by a black bear

Vault maps used:
D:1:      saegor_arrival_simple_b
D:2:      kennysheep_generic_room_6
D:3:      grunt_temple_overflow_open, fedhas_altar_2, uniq_terence
D:4:      minmay_temple_entry_statues_fountains, uniq_robin
D:5:      nicolae_overflow_hidden_temple, first_bread,
          lightli_sewer_entry_pipes, okawaru_altar_gauntlet_db
D:6:      kennysheep_mini, kennysheep_small_square, uniq_pikel,
          uniq_prince_ribbit1

Action                   |  1- 3 |  4- 6 || total
-------------------------+-------+-------++-------
Melee: War axe           |    51 |    15 ||    66
Throw: Throwing net      |     2 |     2 ||     4
  Use: Scroll            |     2 |       ||     2
